 Dungeon Crawl Stone Soup version 0.31-a0-876-gfe8ebadbca (webtiles) character file.

Game seed: 2583497364529000158

59 promet the Basher (level 4, -9/38 HPs)
             Began as a Gnoll Wanderer on Oct 13, 2023.
             Mangled by a gnoll
             ... wielding a +0 halberd
              (11 damage)
             ... on level 2 of the Dungeon.
             The game lasted 00:07:45 (2321 turns).

promet the Basher (Gnoll Wanderer)                  Turns: 2321, Time: 00:07:45

Health: -9/38      AC:  5    Str:  7    XL:     4   Next: 3%
Magic:  7/8        EV: 11    Int: 13    God:
Gold:   117        SH:  0    Dex: 16    Spells: 6/8 levels left

rFire   . . .        b - +3 dagger
rCold   . . .        (no shield)
rNeg    . . .        q - +0 leather armour
rPois   .            f - +0 helmet
rElec   .            (no cloak)
rCorr   .            (no gloves)
SInv    .            o - +0 pair of boots
Will    .....        (no amulet)
Stlth   +++          (no ring)
HPRegen 0.26/turn    (no ring)
MPRegen 0.11/turn

%: no passive effects
@: no status effects
A: fangs 1, strong nose, distributed training
a: no special abilities


You were on level 2 of the Dungeon.
You visited 1 branch of the dungeon, and saw 2 of its levels.

You collected 117 gold pieces.

Inventory:

Hand Weapons
 a - a +2 mace
 b - a +3 dagger (weapon)
 g - a +0 hand axe
 p - a +0 vampiric dagger
Missiles
 e - 16 stones
Armour
 d - a +0 robe
 f - a +0 helmet (worn)
 o - a +0 pair of boots (worn)
 q - a +0 leather armour (worn)
Jewellery
 j - a ring of magical power
Wands
 r - a wand of charming (14)
Scrolls
 c - a scroll of fear
 i - a scroll of revelation {unknown}
 m - a scroll of identify
 n - a scroll of enchant armour {unknown}
 s - a scroll of amnesia {unknown}
Potions
 h - a potion of curing
 k - a potion of enlightenment {unknown}
 l - a potion of haste {unknown}


   Skills:
 + Level 4.6 Fighting
 + Level 1.0 Short Blades
 + Level 1.0 Long Blades
 + Level 1.0 Axes
 + Level 8.5 Maces & Flails
 + Level 1.0 Polearms
 + Level 1.0 Staves
 + Level 1.0 Ranged Weapons
 + Level 1.0 Throwing
 + Level 1.0 Armour
 + Level 1.0 Dodging
 + Level 4.2 Stealth
 + Level 1.0 Shields
 + Level 1.0 Unarmed Combat
 + Level 2.9 Spellcasting
 + Level 0.7 Conjurations
 + Level 0.7 Hexes
 + Level 0.7 Summonings
 + Level 0.7 Necromancy
 + Level 0.7 Translocations
 + Level 0.7 Transmutations
 + Level 0.7 Fire Magic
 + Level 0.7 Ice Magic
 + Level 0.7 Air Magic
 + Level 0.7 Earth Magic
 + Level 2.2 Poison Magic
 + Level 1.1 Invocations
 + Level 1.0 Evocations
 + Level 0.9 Shapeshifting


You had 6 spell levels left.
You knew the following spells:

 Your Spells              Type           Power      Damage    Failure   Level
a - Sting                 Tmut/Pois      20%        1d4       19%         1
b - Magic Dart            Conj           12%        1d3       26%         1

Your spell library contained the following spells:

 Spells                   Type           Power      Damage    Failure   Level
 Searing Ray              Conj           6%         2d4       36%         2
 Static Discharge         Conj/Air       6%         2-3/arc   36%         2
 Mephitic Cloud           Conj/Pois/Air  5%         N/A       52%         3
 Airstrike                Air            1%         2d(1-17)  94%         4
 Fulminant Prism          Conj/Hex       1%         3d5       94%         4
 Summon Lightning Spire   Summ/Air       3%         N/A       94%         4


Dungeon Overview and Level Annotations

Branches:
Dungeon (2/15)

Altars:
Uskayaw


Innate Abilities, Weirdness & Mutations

You have very sharp teeth.
Your uncanny sense of smell can sniff out nearby items.
Your experience applies equally to all skills.


Message History

The gnoll is lightly wounded.
The gnoll barely misses you. x2
You hit the gnoll.
The gnoll is moderately wounded.
The gnoll closely misses you. x2
You completely miss the gnoll.
The gnoll is moderately wounded.
The gnoll barely misses you. x2
You barely miss the gnoll.
The gnoll is moderately wounded.
The gnoll hits you but does no damage.
The gnoll hits you from afar with a +0 halberd.
You hit the gnoll.
The gnoll is severely wounded.
The gnoll hits you with a +0 whip.
The gnoll hits you from afar with a +0 halberd!
You hit the gnoll.
The gnoll is severely wounded.
The gnoll closely misses you. x2
You hit the gnoll.
You kill the gnoll!
The gnoll closely misses you.
You have reached level 4!
You feel agile.
Casting: Sting (safe; 19% risk of failure)
Confirm with . or Enter, or press ? or * to list all spells.
Aiming: Sting (safe; 19% risk of failure)
Press: ? - help, Shift-Dir - straight line, f - gnoll
Aim: a gnoll, wielding a +0 halberd (72% to hit)
The sting hits the gnoll but does no damage.
The gnoll is poisoned.
The gnoll hits you from afar with a +0 halberd!
* * * LOW HITPOINT WARNING * * *
The gnoll hits you with a +0 halberd!
* * * LOW HITPOINT WARNING * * *
You see here a +0 whip.
You hit the gnoll. Your bite misses the gnoll.
The gnoll is heavily wounded.
The gnoll hits you with a +0 halberd!
You die...

##########
#....@gg.#
#.######.#
#.# #.#
#.###
#†#.. ∆
#.#.#
#.#.# #
#######
#.#.###..#


You could see 2 gnolls.

Vanquished Creatures
  A gnoll (D:2)
  7 ball pythons
  2 endoplasms
  A giant cockroach (D:1)
  3 goblins
  8 hobgoblins
  4 kobolds (D:1)
  6 quokkas
  3 bats
  4 frilled lizards
  3 rats (D:2)
42 creatures vanquished.

Notes
Turn   | Place    | Note
-------+----------+-------------------------------------------
     0 | D:1      | promet the Gnoll Wanderer began the quest for the Orb.
     0 | D:1      | promet set off with the following items: a +2 mace, a +0
                  | helmet, a scroll of fear, a +0 robe; and the following
                  | spell memorised: Sting; and the following spells available
                  | to memorise: Mephitic Cloud.
     0 | D:1      | Reached XP level 1. HP: 20/20 MP: 4/4
    41 | D:1      | Found a faded altar of an unknown god.
   167 | D:1      | Reached XP level 2. HP: 26/26 MP: 5/5
   820 | D:1      | Reached XP level 3. HP: 31/31 MP: 7/7
  1758 | D:2      | Reached skill level 1 in Invocations
  2079 | D:2      | Found a hide-covered altar of Uskayaw.
  2083 | D:2      | Learned a level 1 spell: Magic Dart
  2226 | D:2      | Reached skill level 1 in Short Blades
  2226 | D:2      | Reached skill level 1 in Long Blades
  2226 | D:2      | Reached skill level 1 in Axes
  2226 | D:2      | Reached skill level 1 in Polearms
  2226 | D:2      | Reached skill level 1 in Staves
  2226 | D:2      | Reached skill level 1 in Ranged Weapons
  2226 | D:2      | Reached skill level 1 in Throwing
  2226 | D:2      | Reached skill level 1 in Armour
  2226 | D:2      | Reached skill level 1 in Dodging
  2226 | D:2      | Reached skill level 1 in Shields
  2226 | D:2      | Reached skill level 1 in Unarmed Combat
  2226 | D:2      | Reached skill level 1 in Evocations
  2319 | D:2      | Reached XP level 4. HP: 19/38 MP: 8/8
  2320 | D:2      | HP: 1/38 [gnoll/+0 halberd (9)]
  2321 | D:2      | Mangled by a gnoll

Illustrated notes

Levels and vault maps discovered:
D:1:      psy_arrival_dodecagon, layout_basic, dreamdust_ecumenical_altar_grove,
          serial_rivers, chequers_serial_rivers_room_b,
          chequers_serial_rivers_micro_c, chequers_serial_rivers_small_3,
          chequers_serial_rivers_small_a, chequers_serial_rivers_room_a,
          chequers_serial_rivers_small_b, corner_web_ring, serial_bayou_pond_d,
          nrook_mini_backslash, nicolae_the_louvre
D:2:      layout_loops_ring, basic_altar

Skill      XL: |  1  2  3 |
---------------+----------+-----
Poison Magic   | 2 |  2.2
Invocations    | 1 |  1.1
Short Blades   | 1 |  1.0
Long Blades    | 1 |  1.0
Axes           | 1 |  1.0
Polearms       | 1 |  1.0
Staves         | 1 |  1.0
Ranged Weapons | 1 |  1.0
Throwing       | 1 |  1.0
Armour         | 1 |  1.0
Dodging        | 1 |  1.0
Shields        | 1 |  1.0
Unarmed Combat | 1 |  1.0
Evocations     | 1 |  1.0
Fighting       | |  4.6
Maces & Flails | |  8.5
Stealth        | |  4.2
Spellcasting   | |  2.9
Conjurations   | |  0.7
Hexes          | |  0.7
Summonings     | |  0.7
Necromancy     | |  0.7
Translocations | |  0.7
Transmutations | |  0.7
Fire Magic     | |  0.7
Ice Magic      | |  0.7
Air Magic      | |  0.7
Earth Magic    | |  0.7
Shapeshifting  | |  0.9

Action                     |  1- 3 |  4- 6 || total
---------------------------+-------+-------++-------
  Melee: Mace              |    56 |       ||    56
         Punch             |     1 |       ||     1
         Dagger            |    37 |     1 ||    38
         Bite              |     4 |       ||     4
   Cast: Sting             |    12 |     1 ||    13
         Magic Dart        |     2 |       ||     2
    Use: Scroll            |     3 |       ||     3
   Stab: Sleeping          |     5 |       ||     5
 Armour: Robe              |    27 |       ||    27
         Leather armour    |    19 |     3 ||    22
  Dodge: Dodged            |    56 |       ||    56

Table legend: (Time is in decaauts)
 A = Elapsed time spent in this place.
 B = Non-inter-level travel time spent in this place.
 C = Inter-level travel time spent in this place.
 D = Time resting spent in this place.
 E = Time spent auto-exploring this place.
 F = Levels seen in this place.
 G = Mean time per level.
                   A        B        C        D        E       F      G
               +--------+--------+--------+--------+--------+-----+--------+
         Total |   2324 |   2292 |     32 |    462 |    913 |   2 | 1162.0 |
       Dungeon |   2324 |   2292 |     32 |    462 |    913 |   2 | 1162.0 |
               +--------+--------+--------+--------+--------+-----+--------+

Top non-repeatable levels by time:
     D:1: 1495 daAuts
     D:2: 828 daAuts
